 Dungeon Crawl Stone Soup version 0.27-a0-54-g64bdb92e38 (webtiles) character file.

Game seed: 16657195252881619740

26 Tocho the Sneak (level 3, 0/19 HPs)
             Began as a Kobold Enchanter on Jan 7, 2021.
             Slain by an adder (1 damage)
             ... on level 1 of the Dungeon.
             The game lasted 00:03:00 (1305 turns).

Tocho the Sneak (Kobold Enchanter)                  Turns: 1305, Time: 00:03:01

Health: 0/19       AC:  2    Str:  5    XL:     3   Next: 22%
Magic:  6/6        EV: 16    Int: 16    God:
Gold:   54         SH:  0    Dex: 16    Spells: 1/7 levels left

rFire    + . .     SeeInvis .   a - +1 dagger
rCold    x . .     Faith    .   (shield restricted)
rNeg     . . .     Spirit   .   b - +0 robe
rPois    .         Reflect  .   (no helmet)
rElec    .         Harm     .   (no cloak)
rCorr    .         Rampage  .   (no gloves)
Will     .....                  (no boots)
Stlth    ++++......             (no amulet)
HPRegen  0.06/turn              g - ring of fire
MPRegen  0.10/turn              (no ring)

@: no status effects
A: small, nightstalker 3
a: no special abilities


You were on level 1 of the Dungeon.
You visited 1 branch of the dungeon, and saw 2 of its levels.

You collected 54 gold pieces.

Inventory:

Hand Weapons
 a - a +1 dagger (weapon)
 c - a +0 dagger of holy wrath
Armour
 b - a +0 robe (worn)
 h - a +0 buckler
Jewellery
 g - a ring of fire (left hand)
Scrolls
 e - 2 scrolls of amnesia {unknown}
 f - 2 scrolls of identify {unknown}
 i - a scroll of random uselessness {unknown}
 j - a scroll of enchant weapon {unknown}
Potions
 d - a potion of curing {unknown}


   Skills:
 + Level 1.3 Short Blades
 + Level 2.8 Dodging
 + Level 4.5 Stealth
 + Level 2.5 Spellcasting
 + Level 3.4 Hexes


You had one spell level left.
You knew the following spells:

 Your Spells              Type           Power        Failure   Level
a - Corona                Hex            14%          4%          1
b - Ensorcelled Hibernat  Hex/Ice        14%          14%         2
c - Confusing Touch       Hex            13%          14%         3

Your spell library contained the following spells:

 Spells                   Type           Power        Failure   Level
 Tukima's Dance           Hex            13%          14%         3
 Dazzling Flash           Conj/Hex       14%          28%         3


Dungeon Overview and Level Annotations

Branches:
Dungeon (2/15)

Altars:


Innate Abilities, Weirdness & Mutations

You are small and have problems with some larger weapons.
You are completely attuned to the shadows.


Message History

The frilled lizard bites you.
* * * LOW HITPOINT WARNING * * *
You barely miss the rat. The adder barely misses you.
You barely miss the rat. The adder bites you.
* * * LOW HITPOINT WARNING * * *
The rat misses you. The frilled lizard barely misses you.
You hit the rat.
The rat is heavily wounded.
The adder barely misses you. The rat misses you.
The frilled lizard closely misses you. The adder barely misses you.
You hit the rat but do no damage.
The rat is heavily wounded.
The frilled lizard closely misses you. The rat closely misses you.
The adder closely misses you.
You hit the rat.
You kill the rat!
The frilled lizard barely misses you. The adder closely misses you.
The adder closely misses you. The adder misses you. The adder bites you.
You die...

#.#######......)...........# #.
....##.....#.#.#.#.######### #.
..†.##.>#.######################.
#..........# #####.............
#.†###..#### #..####..########.
#..# #..# #..####...[......[
#..###..## #####>.##>.........###
.........###...#Sl##.#.######.#
##†####.........@.##.#.# #.# #.#
#...###...#####.#.# #.#
#.###.##.........##.#.# #.#
#..............(...)#.# #.#
#####.##.........####.# #.#
#.#####...#### #.# #.# ## #.#
#...# #.######.# .#####.# #...#
#.....)..# .......# ##.##
#######..#


You could see an adder and a frilled lizard.

Vanquished Creatures
  A leopard gecko (D:1)
  A giant cockroach (D:1)
  4 hobgoblins (D:1)
  3 jackals (D:1)
  2 kobolds (D:1)
  A bat (D:1)
  7 frilled lizards (D:1)
  2 goblins (D:1)
  5 rats (D:1)
26 creatures vanquished.

Vanquished Creatures (others)
  8 plants (D:1)
8 creatures vanquished.

Grand Total: 34 creatures vanquished

Notes
Turn   | Place    | Note
-------+----------+-------------------------------------------
     0 | D:1      | Tocho the Kobold Enchanter began the quest for the Orb.
     0 | D:1      | Reached XP level 1. HP: 10/10 MP: 3/3
   338 | D:1      | Reached XP level 2. HP: 10/15 MP: 5/5
   827 | D:1      | Reached XP level 3. HP: 19/19 MP: 6/6
  1254 | D:1      | Learned a level 2 spell: Ensorcelled Hibernation
  1258 | D:1      | Learned a level 3 spell: Confusing Touch
  1305 | D:1      | Slain by an adder

Illustrated notes

Levels and vault maps discovered:
D:1:      psy_arrival_conway, layout_loops_ring, minmay_misc_feat_hallway,
          minmay_lizard_king
D:2:      layout_basic, chequers_ecumenical_altar_grove

Action                   || total
-------------------------++-------
Melee: Dagger            ||    92
 Cast: Corona            ||     6
 Stab: Sleeping          ||     9
Armor: Robe              ||    12
Dodge: Dodged            ||    83
Block: Buckler           ||     3

Table legend: (Time is in decaauts)
 A = Elapsed time spent in this place.
 B = Non-inter-level travel time spent in this place.
 C = Inter-level travel time spent in this place.
 D = Time resting spent in this place.
 E = Time spent auto-exploring this place.
 F = Levels seen in this place.
 G = Mean time per level.
                   A        B        C        D        E       F      G
               +--------+--------+--------+--------+--------+-----+--------+
         Total |   1304 |   1304 |      0 |     26 |   1037 |   2 |  652.0 |
       Dungeon |   1304 |   1304 |      0 |     26 |   1037 |   2 |  652.0 |
               +--------+--------+--------+--------+--------+-----+--------+

Top non-repeatable levels by time:
     D:1: 1271 daAuts
     D:2: 32 daAuts
